 Dungeon Crawl Stone Soup version 0.20-a0-1058-g0491fde (webtiles) character file.

9 Alarkh the Insei (level 2, 21/21 HPs)
             Began as a Demonspawn Transmuter on Apr 26, 2017.
             Got out of the dungeon alive.
             The game lasted 00:00:30 (591 turns).

Alarkh the Insei (Demonspawn Transmuter)             Turns: 591, Time: 00:00:30

Health: 21/21      AC:  2    Str: 10    XL:     2   Next: 3%
Magic:  5/5        EV: 12    Int: 14    God:
Gold:   16         SH:  0    Dex: 13    Spells: 4/5 levels left

rFire    . . .     SeeInvis .     - Unarmed
rCold    . . .     Gourm    .   (no shield)
rNeg     . . .     Faith    .   b - +0 robe
rPois    .         Spirit   .   (no helmet)
rElec    .         Reflect  .   (no cloak)
rCorr    .         Harm     .   (no gloves)
MR       .....                  (no boots)
Stlth    +.........             (no amulet)
Regen    0.1/turn               (no ring)
MPRegen  0.1/turn               (no ring)

@: no status effects
A: demonic guardian 1
a: no special abilities


You escaped.
You were not hungry.

You visited 1 branch of the dungeon, and saw 1 of its levels.

You collected 16 gold pieces.

Inventory:

Missiles
 a - 21 arrows
Armour
 b - a +0 robe (worn)
 l - a +0 buckler
Scrolls
 h - 2 scrolls of identify {unknown}
 i - a scroll of recharging {unknown}
Potions
 e - a potion of might {unknown}
 g - a potion of invisibility {unknown}
 j - a potion of degeneration {unknown}
 k - a potion of cancellation {unknown}
Books
 c - a book of Changes

   Spells                             Type                      Level
   a - Beastly Appendage              Transmutation                1
   b - Sticks to Snakes               Transmutation                2
   c - Spider Form                    Transmutation/Poison         3
   d - Ice Form                       Ice/Transmutation            4
   e - Blade Hands                    Transmutation                5
Comestibles
 d - a bread ration
 f - a chunk of flesh


   Skills:
 + Level 1.1 Fighting
 + Level 2.0 Dodging
 * Level 3.1 Unarmed Combat
 - Level 2.0 Spellcasting
 - Level 1.7 Transmutations


You had 4 spell levels left.
You knew the following spells:

 Your Spells              Type           Power        Failure   Level  Hunger
a - Beastly Appendage     Tmut           #.....       12%         1    ##.....


Dungeon Overview and Level Annotations

Branches:
Dungeon (1/15)

Altars:


Innate Abilities, Weirdness & Mutations

A weak demonic guardian rushes to your aid.


Message History

You closely miss the bat.
The bat is heavily wounded.
The bat hits you but does no damage. x2
You closely miss the bat.
The bat is heavily wounded.
The bat barely misses you.
You hit the bat.
You kill the bat!
Your Dodging skill increases to level 2!
You have reached level 2!
Your demonic ancestry asserts itself...
You feel the presence of a demonic guardian.
Some of the chunks of flesh in your inventory have rotted away.
You see here a buckler.
l - a buckler Unknown command.
You see here a stone.
There is a staircase leading out of the dungeon here.
Are you sure you want to leave the Dungeon?
This will make you lose the game!
You have escaped!

#####.....###.#
#......#.#
#............# ###
#(.....#.#
#.############ #.#
#####..#.# #.#.##
####.# #..#.. #.#..#
#....# #..#.# #.#..#
#....# #..#.# #.#..#
##....# #..#.#
#.#..##### #8....##
#..#.# #.#...(..#
#@.....# #..#..
####.#.####.###8.....#
#(.### #......#
#...##.....# ##..(.
#......######.##.....#
#.###
#..........##.##.....#
#.#..
#.....####.##.#####..#
##.#.# ####'## #.##.###
#..######..#.# #.#
#......###..........#.#
#.#
#....#.....#######..#.#


There were no monsters in sight!

Vanquished Creatures
  A leopard gecko (D:1)
  2 bats (D:1)
  A giant cockroach (D:1)
  A hobgoblin (D:1)
  A goblin (D:1)
  A kobold (D:1)
7 creatures vanquished.

Notes
Turn   | Place    | Note
-------+----------+-------------------------------------------
     0 | D:1      | Alarkh the Demonspawn Transmuter began the quest for the Orb.
     0 | D:1      | Reached XP level 1. HP: 15/15 MP: 3/3
   281 | D:1      | Reached skill level 3 in Unarmed Combat
   544 | D:1      | Gained mutation: A weak demonic guardian rushes to your aid. [demonic ancestry]
   544 | D:1      | Reached XP level 2. HP: 18/21 MP: 5/5
   591 | D:$      | Got out of the dungeon alive.

Vault maps used:
D:1:      mrwooster_arrival_statue, roderic_lattice_a

Skill      XL: |  1 |
---------------+----+-----
Unarmed Combat | 3 |  3.1
Dodging        | 2 |  2.0
Fighting       | |  1.1
Spellcasting   | |  2.0
Transmutations | |  1.7

Action                   || total
-------------------------++-------
Melee: Unarmed           ||    51
Armor: Robe              ||    18
Dodge: Dodged            ||    36
